 Dungeon Crawl Stone Soup version 0.31-a0-819-gf6de2f5ab6 (webtiles) character file.

Game seed: 8147827701791304048

98 qw the Shooter (level 4, -6/28 HPs)
             Began as a Gargoyle Hunter on Sept 23, 2023.
             Mangled by an ogre
             ... wielding a +0 giant club
              (34 damage)
             ... on level 3 of the Dungeon.
             The game lasted 00:00:40 (1890 turns).

qw the Shooter (Gargoyle Hunter)                    Turns: 1890, Time: 00:00:40

Health: -6/28      AC:  8    Str: 14    XL:     4   Next: 69%
Magic:  4/4        EV: 15    Int: 10    God:
Gold:   95         SH:  0    Dex: 15    Spells: 3/3 levels left

rFire   . . .        Y - +2 shortbow
rCold   . . .        (shield currently unavailable)
rNeg    + . .        b - +0 ring mail
rPois   inf          (no helmet)
rElec   +            (no cloak)
rCorr   .            (no gloves)
SInv    .            (no boots)
Will    .....        (no amulet)
Stlth   +            j - +5 ring of evasion
HPRegen 0.24/turn    (no ring)
MPRegen 0.09/turn

%: no passive effects
@: no status effects
A: sickness immunity, AC +3, negative energy resistance 1, electricity
resistance, torment resistance 1, petrification resistance
a: no special abilities


You were on level 3 of the Dungeon.
You visited 1 branch of the dungeon, and saw 3 of its levels.

You collected 165 gold pieces.
You spent 70 gold pieces at shops.


Innate Abilities, Weirdness & Mutations

You are immune to sickness and miasma.
Your stone body is resilient. (AC +3)
You are immune to poison.
You resist negative energy. (rN+)
You are resistant to electric shocks. (rElec)
You are resistant to unholy torment.
You are immune to petrification.


   Skills:
 - Level 3.5 Fighting
 + Level 5.1 Ranged Weapons
 - Level 1.0 Armour
 - Level 1.5 Dodging
 - Level 1.1 Stealth


You had 3 spell levels left.
You didn't know any spells.
Your spell library was empty.

Inventory:

Hand Weapons
 Y - a +2 shortbow (weapon)
Armour
 b - a +0 ring mail (worn)
Jewellery
 j - a +5 ring of evasion (left hand)
Scrolls
 g - 2 scrolls of fear {unknown}
 l - 2 scrolls of identify
Potions
 a - 4 potions of heal wounds
 c - a potion of resistance {unknown}
 d - a potion of might
 e - a potion of invisibility {unknown}
 f - a potion of ambrosia {unknown}
 h - a potion of brilliance {unknown}
 i - a potion of cancellation {unknown}
 k - 2 potions of curing {unknown}

Dungeon Overview and Level Annotations

Branches:
Dungeon (3/15)

Altars:
Uskayaw

Shops:
D:2 *


Message History

You see here a rat corpse.
You see here a +1 chain mail of cold resistance.
Found a hand axe.
Found 3 stones.
l - 2 scrolls of identify (gained 1)
Found a stone staircase leading down.
Enter note:
Enter note:
h - a murky green potion
Enter note: A bat comes into view.
You shoot an arrow. The arrow hits the bat!
You kill the bat!
There is a stone staircase leading up here.
A bat comes into view.
You shoot an arrow. The arrow hits the bat!
You kill the bat!
Found a scroll of blinking.
An ogre comes into view. It is wielding a +0 giant club.
The ogre shouts!
You shoot an arrow. The arrow hits the ogre.
The ogre is lightly wounded.
The ogre closely misses you.
You shoot an arrow. The arrow closely misses the ogre.
The ogre barely misses you.
You shoot an arrow. The arrow hits the ogre!
The ogre is heavily wounded.
The ogre hits you with a +0 giant club!!
Ouch! That really hurt!
1888 ||| DRINKING 6 potions of heal wounds.
You feel much better.
You shoot an arrow. The arrow hits the ogre!
The ogre is severely wounded.
The ogre hits you with a +0 giant club!!
Ouch! That really hurt!
1890 ||| DRINKING 5 potions of heal wounds.
You feel much better.
The ogre hits you with a +0 giant club!!
Ouch! That really hurt!
You die...

## ### ## # #?###.#.###.#
#.##...#.#...##
#.#..8.#8#.8..#
#......#.#O...# #...
##....#.#@# #..777._.
#....##### ........
#....# ........ #....#
#.#>.... #....# #.#.#...
#....## #.#.#...
#.....#### #/..#...
#........#########..#....
#......#.................


You could see an ogre.

Vanquished Creatures
  Jessica (D:2)
  2 adders (D:3)
  A dart slug (D:2)
  6 ball pythons
  7 bats
  3 endoplasms
  4 goblins
  5 hobgoblins
  4 jackals (D:1)
  3 quokkas
  2 frilled lizards (D:1)
  3 kobolds
  8 rats
49 creatures vanquished.

Notes
Turn   | Place    | Note
-------+----------+-------------------------------------------
     0 | D:1      | qw the Gargoyle Hunter began the quest for the Orb.
     0 | D:1      | Reached XP level 1. HP: 12/12 MP: 1/1
     0 | D:1      | 0 ||| qw: Version: 0.3-a-83-gcd0e7d8
     0 | D:1      | 0 ||| qw: Game counter: 1533
     0 | D:1      | 0 ||| qw: Melee chars always use a shield: true
     0 | D:1      | 0 ||| qw: God list: Okawaru
     0 | D:1      | 0 ||| qw: Allow faded altars: false
     0 | D:1      | 0 ||| qw: Do Orc after clearing Dungeon:15 true
     0 | D:1      | 0 ||| qw: Do second Lair branch before Depths: true
     0 | D:1      | 0 ||| qw: Lair rune preference: random
     0 | D:1      | 0 ||| qw: Goals: Normal
     0 | D:1      | 0 ||| PLANNING D:1-11
    66 | D:1      | Reached XP level 2. HP: 17/17 MP: 2/2
   221 | D:1      | Reached XP level 3. HP: 19/21 MP: 3/3
   223 | D:1      | Reached skill level 5 in Ranged Weapons
   685 | D:1      | 685 ||| READING scroll labelled ARETTINEAG.
   686 | D:1      | 686 ||| READING scroll labelled TOLITZIAGU.
   702 | D:1      | 702 ||| READING scroll labelled KOGEIK USULOL.
   703 | D:1      | 703 ||| READING scroll labelled XAXEIQ PISM.
   704 | D:1      | 704 ||| DROPPING scroll of butterflies.
   954 | D:2      | Found a faded altar of an unknown god.
   994 | D:2      | Identified the +4 hand axe "Danwuax" {chaos, rC+ rCorr}
  1185 | D:2      | Found Wify's General Store.
  1189 | D:2      | 1189 ||| SHOPLISTING +0 cloak of willpower (115 gold, have
                  | 99).
  1189 | D:2      | 1189 ||| BUYING potion of heal wounds (50 gold).
  1189 | D:2      | Bought a potion of heal wounds for 50 gold pieces
  1189 | D:2      | 1189 ||| SHOPLISTING potion of mutation (80 gold, have 49).
  1189 | D:2      | 1189 ||| BUYING scroll of identify (20 gold).
  1189 | D:2      | Bought a scroll of identify for 20 gold pieces
  1421 | D:2      | Noticed Jessica
  1424 | D:2      | Killed Jessica
  1425 | D:2      | Reached skill level 3 in Fighting
  1425 | D:2      | Reached XP level 4. HP: 28/28 MP: 4/4
  1525 | D:2      | 1525 ||| UPGRADING to +0 ring mail.
  1535 | D:2      | 1535 ||| DROPPING +0 leather armour.
  1536 | D:2      | 1536 ||| UPGRADING to +5 ring of evasion.
  1537 | D:2      | 1537 ||| READING 2 scrolls labelled QICIBOKEUB.
  1538 | D:2      | 1538 ||| READING scroll of enchant weapon.
  1538 | D:2      | 1538 ||| ENCHANTING +1 shortbow.
  1539 | D:2      | 1539 ||| READING scroll labelled PIRELI TONASCH.
  1540 | D:2      | 1540 ||| READING scroll labelled HIKKIU VEFINK.
  1541 | D:2      | 1541 ||| READING scroll labelled ANTANGE ZOTOMA.
  1542 | D:2      | 1542 ||| READING scroll labelled JYUNTO BATZUTH.
  1543 | D:2      | 1543 ||| DRINKING 2 sapphire potions.
  1706 | D:3      | Reached skill level 1 in Armour
  1765 | D:3      | Found a hide-covered altar of Uskayaw.
  1884 | D:3      | Noticed an ogre
  1887 | D:3      | HP: 2/28 [ogre/+0 giant club (26)]
  1888 | D:3      | 1888 ||| DRINKING 6 potions of heal wounds.
  1890 | D:3      | 1890 ||| DRINKING 5 potions of heal wounds.
  1890 | D:3      | Mangled by an ogre

Levels and vault maps discovered:
D:1:      matt_arrival_refuge, layout_basic, minmay_misc_feat_ornament
D:2:      layout_loops_ring, serial_shops, shop,
          shapermc_ecumenical_altar_mp_vishouse, kennysheep_jessica_study
D:3:      layout_rooms, mainiacjoe_overflow_large_starburst,
          grunt_decor_junction, nicolae_twisty_statue_hallways

Skill      XL: |  1  2  3  4 |
---------------+-------------+-----
Ranged Weapons | 5 |  5.1
Fighting       | 3 |  3.5
Armour         | 1 |  1.0
Dodging        | |  1.5
Stealth        | |  1.1

Action                     |  1- 3 |  4- 6 || total
---------------------------+-------+-------++-------
   Fire: Shortbow          |    96 |    34 ||   130
    Use: Scroll            |     4 |     6 ||    10
         Potion            |       |     3 ||     3
 Armour: Leather armour    |    24 |     5 ||    29
         Ring mail         |       |     5 ||     5
  Dodge: Dodged            |    31 |     6 ||    37

Table legend:
 A = Non-vault XP
 B = Vault XP
 C = Vault XP percentage of total XP
 D = Non-vault monster count
 E = Vault monster count
 F = Vault count percentage of total count
                 A         B        C        D         E       F
            +---------+---------+-------+---------+---------+-------
      Total |     101 |      39 |  27.9 |      47 |       2 |   4.1
            +---------+---------+-------+---------+---------+-------
        D:1 |      46 |       0 |   0.0 |      27 |       0 |   0.0
        D:2 |      18 |      39 |  68.4 |       9 |       2 |  18.2
        D:3 |      37 |       0 |   0.0 |      11 |       0 |   0.0
            +---------+---------+-------+---------+---------+-------
